| TOP OF THE 1ST |
|
San Juan Pitorros batting - Pitching for Fort de France Carnivals : RHP Greg A Harris
|
|
Pitching: RHP Greg A Harris
|
|
|
Batting: LHB Mike Woodard
|
0-0: Called Strike 0-1: Ball 1-1: Called Strike 1-2: Ball 2-2: Ball 3-2: Reached via error on a dropped throw from 2B, E3 (Groundball, 34, EV 83.8 MPH)
|
|
Batting: RHB Rafael Ramirez
|
0-0: Called Strike 0-1: SINGLE (Groundball, 34D, EV 106.3 MPH) Mike Woodard to second Runner from 2nd tries for 3rd, SAFE, throw by RF made to third
|
|
Batting: RHB Mike A Marshall
|
0-0: Called Strike 0-1: Foul Ball, location: 2F 0-2: Foul Ball, location: 2F 0-2: Ball 1-2: Ball 2-2: Strikes out swinging
|
|
Batting: RHB Robert Gilles
|
0-0: Called Strike 0-1: Foul Ball, location: 2F 0-2: Strikes out looking
|
|
Batting: SHB Kevin King
|
0-0: Foul Ball, location: 2F 0-1: DOUBLE (Line Drive, 89XD, EV 105.0 MPH) Mike Woodard scores Rafael Ramirez to third Runner from 3rd tries for Home, SAFE, throw by CF to home
|
|
Batting: LHB Steve Christmas
|
0-0: DOUBLE (Groundball, 3L, EV 104.4 MPH) Kevin King scores
|
|
Batting: RHB George Hinshaw
|
0-0: Ball 1-0: Called Strike 1-1: Foul Ball, location: 2F 1-2: Strikes out swinging
|
| Top of the 1st over - 3 runs, 3 hits, 1 error, 1 left on base; San Juan 3 - Fort de France 0 |
| BOTTOM OF THE 1ST |
|
Fort de France Carnivals batting - Pitching for San Juan Pitorros : LHP Dan Schatzeder
|
|
Pitching: LHP Dan Schatzeder
|
|
|
Batting: LHB Jesus Ramos
|
0-0: Foul Ball, location: 2F 0-1: Ball 1-1: Ball 2-1: Fly out, F7 (Flyball, 78S, EV 90.0 MPH)
|
|
Batting: RHB Jesse Barfield
|
0-0: Ball 1-0: Ball 2-0: Ground out 5-3 (Groundball, 56S, EV 69.4 MPH)
|
|
Batting: RHB Alan Trammell
|
0-0: Called Strike 0-1: Ball 1-1: Swinging Strike 1-2: SINGLE (Groundball, 56D, EV 94.4 MPH)
|
|
Batting: RHB Tom Brunansky
|
0-0: Ball 1-0: Foul Ball, location: 2F 1-1: Ball 2-1: Ball 3-1: Foul Ball, location: 2F 3-2: Fly out, F9 (Flyball, 89S, EV 80.6 MPH)
|
| Bottom of the 1st over - 0 runs, 1 hit, 0 errors, 1 left on base; San Juan 3 - Fort de France 0 |
| TOP OF THE 2ND |
|
San Juan Pitorros batting - Pitching for Fort de France Carnivals : RHP Greg A Harris
|
|
Batting: RHB Chris Brown
|
0-0: Foul Ball, location: 2F 0-1: Ball 1-1: Ball 2-1: Ball 3-1: Foul Ball, location: 2F 3-2: Foul Ball, location: 2F 3-2: Fly out, F6 (Line Drive, 6, EV 73.1 MPH)
|
|
Batting: LHB Alex Campos
|
0-0: Called Strike 0-1: Called Strike 0-2: Ball 1-2: Strikes out swinging
|
|
Batting: LHB Mike Woodard
|
0-0: Fly out, F9 (Line Drive, 9, EV 86.9 MPH)
|
| Top of the 2nd over - 0 runs, 0 hits, 0 errors, 0 left on base; San Juan 3 - Fort de France 0 |
| BOTTOM OF THE 2ND |
|
Fort de France Carnivals batting - Pitching for San Juan Pitorros : LHP Dan Schatzeder
|
|
Batting: LHB Michael Barnes
|
0-0: Foul Ball, location: 2F 0-1: Ball 1-1: Foul Ball, location: 2F 1-2: Ball 2-2: Ball 3-2: Foul Ball, location: 2F 3-2: Base on Balls
|
|
Batting: RHB Cressy Pratt
|
0-0: Ball 1-0: Ball 2-0: Ball 3-0: Called Strike 3-1: Called Strike 3-2: Base on Balls Michael Barnes to second
|
|
Batting: LHB Carlos Cabassa
|
0-0: Ball 1-0: Ball 2-0: Swinging Strike 2-1: Ball 3-1: Foul Ball, location: 2F 3-2: Base on Balls Michael Barnes to third Cressy Pratt to second
|
|
Batting: RHB Eddie Vargas
|
0-0: Ball 1-0: Ball 2-0: Ball 3-0: Base on Balls Michael Barnes scores Cressy Pratt to third Carlos Cabassa to second
|
|
Batting: RHB Dan Plante
|
0-0: Ball 1-0: Ball 2-0: Called Strike 2-1: Ball 3-1: Grounds into double play, 5-4-3 (Groundball, 56S, EV 89.4 MPH) Cressy Pratt scores Carlos Cabassa to third
|
|
Batting: LHB Jesus Ramos
|
0-0: Ball 1-0: Ball 2-0: Ground out 6-3 (Groundball, 6S, EV 70.0 MPH)
|
| Bottom of the 2nd over - 2 runs, 0 hits, 0 errors, 1 left on base; San Juan 3 - Fort de France 2 |
| TOP OF THE 3RD |
|
San Juan Pitorros batting - Pitching for Fort de France Carnivals : RHP Greg A Harris
|
|
Batting: RHB Rafael Ramirez
|
0-0: Called Strike 0-1: Ball 1-1: Foul Ball, location: 2F 1-2: Ball 2-2: Foul Ball, location: 2F 2-2: SINGLE (Line Drive, 56D, EV 95.6 MPH)
|
|
Batting: RHB Mike A Marshall
|
0-0: Swinging Strike 0-1: Ball 1-1: Ball 2-1: Foul Ball, location: 2F 2-2: Foul Ball, location: 2F 2-2: Foul Ball, location: 2F 2-2: Foul Ball, location: 2F 2-2: Strikes out looking
|
|
Batting: RHB Robert Gilles
|
0-0: Called Strike 0-1: Swinging Strike 0-2: Ball 1-2: Ball 2-2: Fly out, F7 (Flyball, 7S, EV 90.0 MPH)
|
|
Batting: SHB Kevin King
|
0-0: Foul Ball, location: 2F 0-1: Ball 1-1: Foul Ball, location: 2F 1-2: Ball 2-2: Strikes out looking
|
| Top of the 3rd over - 0 runs, 1 hit, 0 errors, 1 left on base; San Juan 3 - Fort de France 2 |
| BOTTOM OF THE 3RD |
|
Fort de France Carnivals batting - Pitching for San Juan Pitorros : LHP Dan Schatzeder
|
|
Batting: RHB Jesse Barfield
|
0-0: Foul Ball, location: 2F 0-1: Ball 1-1: Ball 2-1: Ground out 6-3 (Groundball, 6, EV 91.3 MPH)
|
|
Batting: RHB Alan Trammell
|
0-0: Called Strike 0-1: Swinging Strike 0-2: Ball 1-2: Ball 2-2: Fly out, F7 (Flyball, 7S, EV 88.1 MPH)
|
|
Batting: RHB Tom Brunansky
|
0-0: Called Strike 0-1: Called Strike 0-2: Ball 1-2: Ball 2-2: Strikes out swinging
|
| Bottom of the 3rd over - 0 runs, 0 hits, 0 errors, 0 left on base; San Juan 3 - Fort de France 2 |
| TOP OF THE 4TH |
|
San Juan Pitorros batting - Pitching for Fort de France Carnivals : RHP Greg A Harris
|
|
Batting: LHB Steve Christmas
|
0-0: Fly out, F8 (Flyball, 8LM, EV 86.9 MPH)
|
|
Batting: RHB George Hinshaw
|
0-0: Called Strike 0-1: Foul Ball, location: 2F 0-2: Ball 1-2: Ball 2-2: Ball 3-2: Foul Ball, location: 2F 3-2: Foul Ball, location: 2F 3-2: SINGLE (Line Drive, 7LS, EV 90.0 MPH)
|
|
Batting: RHB Chris Brown
|
0-0: Ball 1-0: Called Strike 1-1: Ball 2-1: Foul Ball, location: 2F 2-2: Strikes out swinging
|
|
Batting: LHB Alex Campos
|
0-0: Ball George Hinshaw is caught stealing 2nd base 2-6
|
| Top of the 4th over - 0 runs, 1 hit, 0 errors, 0 left on base; San Juan 3 - Fort de France 2 |
| BOTTOM OF THE 4TH |
|
Fort de France Carnivals batting - Pitching for San Juan Pitorros : LHP Dan Schatzeder
|
|
Batting: LHB Michael Barnes
|
0-0: Ball 1-0: Called Strike 1-1: Ball 2-1: Swinging Strike 2-2: Ball 3-2: Foul Ball, location: 2F 3-2: Foul Ball, location: 2F 3-2: Foul Ball, location: 2F 3-2: Foul Ball, location: 2F 3-2: Strikes out swinging
|
|
Batting: RHB Cressy Pratt
|
0-0: Ball 1-0: Ball 2-0: Ball 3-0: Base on Balls
|
|
Batting: LHB Carlos Cabassa
|
0-0: Ball 1-0: Called Strike 1-1: Ball 2-1: Swinging Strike 2-2: Foul Ball, location: 2F 2-2: Grounds into double play, 4-6-3 (Groundball, 4, EV 86.9 MPH)
|
| Bottom of the 4th over - 0 runs, 0 hits, 0 errors, 0 left on base; San Juan 3 - Fort de France 2 |
| TOP OF THE 5TH |
|
San Juan Pitorros batting - Pitching for Fort de France Carnivals : RHP Greg A Harris
|
|
Batting: LHB Alex Campos
|
0-0: Fly out, F8 (Flyball, 8RD, EV 98.1 MPH)
|
|
Batting: LHB Mike Woodard
|
0-0: Called Strike 0-1: Ball 1-1: Ball 2-1: Foul Ball, location: 2F 2-2: Ball 3-2: Ground out 4-3 (Groundball, 4, EV 105.0 MPH)
|
|
Batting: RHB Rafael Ramirez
|
0-0: Ground out 6-3 (Groundball, 56, EV 101.3 MPH)
|
| Top of the 5th over - 0 runs, 0 hits, 0 errors, 0 left on base; San Juan 3 - Fort de France 2 |
| BOTTOM OF THE 5TH |
|
Fort de France Carnivals batting - Pitching for San Juan Pitorros : LHP Dan Schatzeder
|
|
Batting: RHB Eddie Vargas
|
0-0: Called Strike 0-1: Foul Ball, location: 2F 0-2: Strikes out swinging
|
|
Batting: RHB Dan Plante
|
0-0: SINGLE (Line Drive, 3D, EV 106.3 MPH)
|
|
Batting: LHB Jesus Ramos
|
0-0: Called Strike 0-1: Fly out, F7 (Flyball, 7LS, EV 95.6 MPH)
|
|
Batting: RHB Jesse Barfield
|
0-0: Foul Ball, location: 2F 0-1: Called Strike 0-2: Foul Ball, location: 2F 0-2: Ground out 1-3 (Groundball, 34S, EV 86.3 MPH)
|
| Bottom of the 5th over - 0 runs, 1 hit, 0 errors, 1 left on base; San Juan 3 - Fort de France 2 |
| TOP OF THE 6TH |
|
San Juan Pitorros batting - Pitching for Fort de France Carnivals : RHP Greg A Harris
|
|
Pitching: RHP Roger Erickson
|
|
|
Batting: RHB Mike A Marshall
|
0-0: Ball 1-0: Ball 2-0: Foul Ball, location: 2F 2-1: Ball 3-1: Foul Ball, location: 2F 3-2: Foul Ball, location: 2F 3-2: Ground out 6-3 (Groundball, 4M, EV 88.1 MPH)
|
|
Batting: RHB Robert Gilles
|
0-0: Foul Ball, location: 2F 0-1: Ball 1-1: Foul Ball, location: 2F 1-2: Ball 2-2: SINGLE (Groundball, 4D, EV 106.9 MPH)
|
|
Batting: SHB Kevin King
|
0-0: Grounds into double play, 4-6-3 (Groundball, 4, EV 103.8 MPH)
|
| Top of the 6th over - 0 runs, 1 hit, 0 errors, 0 left on base; San Juan 3 - Fort de France 2 |
| BOTTOM OF THE 6TH |
|
Fort de France Carnivals batting - Pitching for San Juan Pitorros : LHP Dan Schatzeder
|
|
Batting: RHB Alan Trammell
|
0-0: Ball 1-0: Called Strike 1-1: Ground out 1-3 (Groundball, 34S, EV 80.0 MPH)
|
|
Batting: RHB Tom Brunansky
|
0-0: Called Strike 0-1: Ball 1-1: Ball 2-1: Ball 3-1: Base on Balls
|
|
Batting: LHB Michael Barnes
|
0-0: Ball Tom Brunansky is caught stealing 2nd base 2-6 1-0: Foul Ball, location: 2F 1-1: Ground out 4-3 (Groundball, 4, EV 86.3 MPH)
|
| Bottom of the 6th over - 0 runs, 0 hits, 0 errors, 0 left on base; San Juan 3 - Fort de France 2 |
| TOP OF THE 7TH |
|
San Juan Pitorros batting - Pitching for Fort de France Carnivals : RHP Roger Erickson
|
|
Batting: LHB Steve Christmas
|
0-0: Ball 1-0: Ball 2-0: Foul Ball, location: 2F 2-1: SINGLE (Groundball, 4MD, EV 106.9 MPH)
|
|
Batting: RHB George Hinshaw
|
0-0: Called Strike 0-1: Swinging Strike 0-2: Ball 1-2: SINGLE (Groundball, 56D, EV 100.0 MPH) Steve Christmas to second
|
|
Batting: RHB Chris Brown
|
0-0: Fly out, F8 (Flyball, 8RM, EV 91.3 MPH)
|
|
Batting: LHB Alex Campos
|
0-0: Foul Ball, location: 2F 0-1: Ball 1-1: Fly out, F8 (Flyball, 8LM, EV 91.9 MPH)
|
|
Batting: LHB Mike Woodard
|
0-0: Swinging Strike 0-1: Ball 1-1: Swinging Strike 1-2: Ground out U3 (Groundball, 3, EV 89.4 MPH)
|
| Top of the 7th over - 0 runs, 2 hits, 0 errors, 2 left on base; San Juan 3 - Fort de France 2 |
| BOTTOM OF THE 7TH |
|
Fort de France Carnivals batting - Pitching for San Juan Pitorros : LHP Dan Schatzeder
|
|
Batting: RHB Cressy Pratt
|
0-0: Ground out 5-3 (Groundball, 56, EV 83.8 MPH)
|
|
Batting: LHB Carlos Cabassa
|
0-0: Called Strike 0-1: Swinging Strike 0-2: Foul Ball, location: 2F 0-2: Ball 1-2: Hit by Pitch
|
|
Batting: RHB Eddie Vargas
|
0-0: Called Strike 0-1: SINGLE (Groundball, 56D, EV 102.5 MPH) Carlos Cabassa to second
|
|
Batting: RHB Dan Plante
|
0-0: Grounds into double play, 6-4-3 (Groundball, 6, EV 90.0 MPH)
|
| Bottom of the 7th over - 0 runs, 1 hit, 0 errors, 1 left on base; San Juan 3 - Fort de France 2 |
| TOP OF THE 8TH |
|
San Juan Pitorros batting - Pitching for Fort de France Carnivals : RHP Roger Erickson
|
|
Batting: RHB Rafael Ramirez
|
0-0: Called Strike 0-1: Foul Ball, location: 2F 0-2: Ball 1-2: Strikes out looking
|
|
Batting: RHB Mike A Marshall
|
0-0: Ball 1-0: Ball 2-0: Ball 3-0: Called Strike 3-1: DOUBLE (Line Drive, 3D, EV 98.8 MPH)
|
|
Batting: RHB Robert Gilles
|
0-0: Ball 1-0: Called Strike 1-1: Called Strike 1-2: SINGLE (Groundball, 56D, EV 100.6 MPH) Mike A Marshall to third
|
|
Batting: SHB Kevin King
|
0-0: Ball 1-0: Foul Ball, location: 2F 1-1: Ball 2-1: Foul Ball, location: 2F 2-2: Ball 3-2: Foul Ball, location: 2F 3-2: Ground out 3-1 (Groundball, 3L, EV 86.3 MPH) Robert Gilles to second
|
|
Batting: LHB Steve Christmas
|
0-0: Ball 1-0: Ball 2-0: Fly out, F8 (Flyball, 8LD, EV 82.5 MPH)
|
| Top of the 8th over - 0 runs, 2 hits, 0 errors, 2 left on base; San Juan 3 - Fort de France 2 |
| BOTTOM OF THE 8TH |
|
Fort de France Carnivals batting - Pitching for San Juan Pitorros : LHP Dan Schatzeder
|
|
Batting: LHB Jesus Ramos
|
0-0: Fly out, F8 (Line Drive, 8LM, EV 91.9 MPH)
|
|
Batting: RHB Jesse Barfield
|
0-0: Ball 1-0: Called Strike 1-1: Called Strike 1-2: Fly out, F4 (Popup, 34S, EV 76.9 MPH)
|
|
Batting: RHB Alan Trammell
|
0-0: Fly out, F8 (Flyball, 8LD, EV 101.3 MPH)
|
| Bottom of the 8th over - 0 runs, 0 hits, 0 errors, 0 left on base; San Juan 3 - Fort de France 2 |
| TOP OF THE 9TH |
|
San Juan Pitorros batting - Pitching for Fort de France Carnivals : RHP Roger Erickson
|
|
Batting: RHB George Hinshaw
|
0-0: Called Strike 0-1: Ground out U3 (Groundball, 3, EV 83.1 MPH)
|
|
Batting: RHB Chris Brown
|
0-0: Called Strike 0-1: Foul Ball, location: 2F 0-2: Ball 1-2: Ball 2-2: Strikes out looking
|
|
Batting: LHB Alex Campos
|
0-0: Ball 1-0: Called Strike 1-1: Foul Ball, location: 2F 1-2: DOUBLE (Groundball, 3L, EV 103.1 MPH)
|
|
Pitching: RHP Jose DeLeon
|
|
|
Batting: LHB Mike Woodard
|
0-0: Ball 1-0: Ball 2-0: Called Strike 2-1: Foul Ball, location: 2F 2-2: Ground out 4-3 (Groundball, 4, EV 83.1 MPH)
|
| Top of the 9th over - 0 runs, 1 hit, 0 errors, 1 left on base; San Juan 3 - Fort de France 2 |
| BOTTOM OF THE 9TH |
|
Fort de France Carnivals batting - Pitching for San Juan Pitorros : LHP Dan Schatzeder
|
|
Pitching: RHP Win Remmerswaal
|
|
|
Now at 3B: UL Washington
|
|
|
Batting: RHB Tom Brunansky
|
0-0: Ball 1-0: Called Strike 1-1: Ball 2-1: Foul Ball, location: 2F 2-2: Ball 3-2: Strikes out swinging
|
|
Batting: LHB Michael Barnes
|
0-0: Ball 1-0: Ball 2-0: Ball 3-0: Called Strike 3-1: Base on Balls
|
|
Batting: RHB Cressy Pratt
|
0-0: Foul Ball, location: 2F 0-1: Ball 1-1: Ball 2-1: Ball 3-1: Foul Ball, location: 2F 3-2: Foul Ball, location: 2F 3-2: Strikes out swinging
|
|
Batting: LHB Carlos Cabassa
|
0-0: Called Strike 0-1: Called Strike 0-2: Ball 1-2: Ball 2-2: Foul Ball, location: 2F 2-2: Foul Ball, location: 2F 2-2: Foul Ball, location: 2F 2-2: Ball 3-2: SINGLE (Line Drive, 89D, EV 105.6 MPH) Michael Barnes to second Michael Barnes to third
|
|
Batting: RHB Eddie Vargas
|
0-0: Ball 1-0: Ball 2-0: Fly out, F6 (Line Drive, 6, EV 66.9 MPH)
|
| Bottom of the 9th over - 0 runs, 1 hit, 0 errors, 2 left on base; San Juan 3 - Fort de France 2 |
|